 Dungeon Crawl Stone Soup version 0.24.0-13-gcf9b319 (webtiles) character file.

Game seed: 16030984806097007000, levelgen mode: deterministic

12502 Bronimir the Thaumaturge (level 11, -3/86 HPs)
             Began as a Gnoll Skald on Apr 22, 2020.
             Was a Follower of Makhleb.
             Slain by a swamp worm (6 damage)
             ... on level 1 of the Lair of Beasts.
             The game lasted 00:28:40 (10584 turns).

Bronimir the Thaumaturge (Gnoll Skald)             Turns: 10584, Time: 00:28:41

Health: -3/86      AC: 15    Str: 21 (22) XL:     11   Next: 94%
Magic:  2/23       EV: 14    Int: 19 (20) God:    Makhleb [*.....]
Gold:   469        SH:  6    Dex: 14 (15) Spells: 4/26 levels left

rFire    . . .     SeeInvis .   a - +5 falchion of Sulphur {drain, rPois Str-3 Int+3}
rCold    + . .     Gourm    .   l - +0 buckler
rNeg     . . .     Faith    .   O - +1 scale mail {rC+}
rPois    +         Spirit   .   J - +2 hat {MR+}
rElec    .         Reflect  .   p - +0 cloak
rCorr    .         Harm     .   K - +2 pair of gloves
MR       +....                  (no boots)
Stlth    +.........             (no amulet)
HPRegen  0.24/turn              o - +4 ring of strength
MPRegen  0.18/turn              q - +6 ring of strength

@: infused (expiring), very slow
A: distributed training, fangs 1, strong nose
a: Renounce Religion


You were on level 1 of the Lair of Beasts.
You worshipped Makhleb.
Makhleb was aware of your devotion.
You were hungry.

You visited 3 branches of the dungeon, and saw 12 of its levels.

You collected 469 gold pieces.

Inventory:

Hand Weapons
 a - the +5 falchion of Sulphur (weapon) {drain, rPois Str-3 Int+3}
   (You took it off an orc on level 9 of the Dungeon)

   A truly terrible weapon, it drains the life of those it strikes.
   It affects your strength (-3).
   It affects your intelligence (+3).
   It protects you from poison.
 b - a +1 shortbow of flaming
 c - a +0 hand axe of electrocution
 M - a +2 scimitar of flaming
Missiles
 f - 135 arrows
 k - 76 bolts
 m - 239 stones
 B - 25 poisoned darts (quivered)
 D - 22 sling bullets
Armour
 l - a +0 buckler (worn)
 p - a +0 cloak (worn)
 H - a +0 shield
 J - a +2 hat of magic resistance (worn)
 K - a +2 pair of gloves (worn)
 O - a +1 scale mail of cold resistance (worn)
Jewellery
 o - a +4 ring of strength (left hand)
 q - a +6 ring of strength (right hand)
 N - an uncursed ring of ice
Wands
 w - a wand of flame (38)
 A - a wand of paralysis (18)
 E - a wand of enslavement (8)
 I - a wand of random effects (52)
Scrolls
 g - a scroll of noise
 i - 3 scrolls of teleportation
 j - a scroll of immolation
 n - a scroll of fear {unknown}
 s - 3 scrolls of random uselessness {unknown}
 t - 5 scrolls of remove curse {unknown}
 y - 2 scrolls of magic mapping {unknown}
 z - 2 scrolls of enchant weapon {unknown}
 F - 5 scrolls of identify
 L - a scroll of enchant armour {unknown}
Potions
 e - a potion of might {unknown}
 h - 5 potions of lignification
 r - 2 potions of haste {unknown}
 u - 2 potions of degeneration
 v - a potion of berserk rage {unknown}
 x - a potion of flight {unknown}
 C - a potion of cancellation {unknown}
Miscellaneous
 G - a lamp of fire (inert)
Comestibles
 d - 17 rations


   Skills:
 + Level 8.1 Fighting
 + Level 6.6 Short Blades
 + Level 6.6 Long Blades
 + Level 8.1 Axes
 + Level 6.6 Maces & Flails
 + Level 6.6 Polearms
 + Level 6.6 Staves
 + Level 6.6 Slings
 + Level 6.6 Bows
 + Level 6.6 Crossbows
 + Level 6.6 Throwing
 + Level 7.2 Armour
 + Level 8.1 Dodging
 + Level 6.6 Stealth
 + Level 6.6 Shields
 + Level 6.6 Unarmed Combat
 + Level 8.4 Spellcasting
 + Level 5.5 Conjurations
 + Level 5.5 Hexes
 + Level 7.9 Charms
 + Level 5.5 Summonings
 + Level 5.5 Necromancy
 + Level 5.5 Translocations
 + Level 5.5 Transmutations
 + Level 5.5 Fire Magic
 + Level 5.5 Ice Magic
 + Level 5.5 Air Magic
 + Level 5.5 Earth Magic
 + Level 5.5 Poison Magic
 + Level 7.3 Invocations
 + Level 6.6 Evocations


You had 4 spell levels left.
You knew the following spells:

 Your Spells              Type           Power        Failure   Level  Hunger
a - Infusion              Chrm           ####         1%          1    None
b - Song of Slaying       Chrm           #####...     1%          2    None
c - Shroud of Golubria    Chrm/Tloc      ####..       1%          2    None
d - Regeneration          Chrm/Necr      ####......   4%          3    None
e - Spectral Weapon       Hex/Chrm       ####....     4%          3    None
f - Confusing Touch       Hex            ####..       2%          1    None
g - Animate Skeleton      Necr           N/A          2%          1    None
h - Searing Ray           Conj           ####..       3%          2    None
i - Dazzling Spray        Conj/Hex       ####..       7%          3    None
j - Iskenderun's Mystic   Conj           ####....     22%         4    ###....

Your spell library contained the following spells:

 Spells                   Type           Power        Failure   Level  Hunger
 Apportation              Tloc           ####..       2%          1    None
 Magic Dart               Conj           ####         2%          1    None
 Summon Small Mammal      Summ           ####         2%          1    None
 Confuse                  Hex            ####....     7%          3    None
 Gell's Gravitas          Tloc           ####......   7%          3    None
 Force Lance              Conj/Tloc      ####....     22%         4    ###....
 Fulminant Prism          Conj/Hex       ####......   22%         4    ###....
 Petrify                  Tmut/Erth      ####....     22%         4    ###....
 Metabolic Englaciation   Hex/Ice        ####......   52%         5    #####..
 Yara's Violent Unravell  Hex/Tmut       ####......   52%         5    #####..


Dungeon Overview and Level Annotations

Branches:
Dungeon (10/15)            Temple (1/1) D:6            Lair (1/6) D:10
    Orc: D:9-12

Altars:
Ashenzari
Cheibriados
Dithmenos
Elyvilon
Fedhas
Gozag
Hepliaklqana
Kikubaaqudgha
Makhleb
Nemelex Xobeh
Okawaru
Qazlal
Ru
Sif Muna
Trog
Uskayaw
Vehumet
Wu Jian
Xom
Yredelemnul
Zin
The Shining One

Annotations:
D:10 Urug


Innate Abilities, Weirdness & Mutations

Your experience applies equally to all skills.
You have very sharp teeth.
Your uncanny sense of smell can sniff out nearby items.


Message History

The harpoon shot hits you.
* * * LOW HITPOINT WARNING * * *
You are yanked forward by the harpoon shot.
Splash!
You fall into the shallow water.
Moving in this stuff is going to be slow.
The swamp worm closely misses you.
You riposte.
You barely miss the swamp worm. You bite the swamp worm.
The swamp worm is moderately wounded.
You see here a swamp worm corpse.
Okay, then.
It was a potion of degeneration.
There was something very wrong with that liquid.
You feel weakened.
You feel dopey.
You feel clumsy.
Your magical infusion is running out.
The swamp worm closely misses you.
You riposte.
You hit the swamp worm.
The swamp worm is moderately wounded.
A swamp worm comes into view.
The swamp worm bites you.
You die...

#### #....≈ ≈≈≈≈#####
##..≈≈ ≈≈≈≈≈P.########
##..≈≈≈
######≈≈≈.........
#...≈≈#
≈≈≈≈≈#≈ww.........
#..≈≈#∆≈w≈≈≈≈≈≈@.........
#..≈≈##≈≈≈≈≈#≈≈w..##.....
##..≈≈≈#######≈≈≈### ...
#....≈≈≈≈≈≈≈≈≈≈≈.## .
##...#≈≈≈≈≈≈≈≈....#
#...###...##....P#
#...##....###....#
#...###...##....##
#...##....###...# #


You could see 4 swamp worms.

Vanquished Creatures
  Gastronok (Lair:1)
  Erica (D:8)
  2 two-headed ogres
  Pikel (D:8)
  Psyche (D:9)
  A spiny frog (Lair:1)
  A rime drake (Lair:1)
  Grinder (D:4)
  5 hippogriffs
  A wyvern (Lair:1)
  10 yaks (D:9)
  Menkaure (D:4)
  A swamp worm (Lair:1)
  2 water moccasins (Lair:1)
  3 porcupines (Lair:1)
  2 orc warriors
  A hornet zombie (D:8)
  An ice beast (D:9)
  2 sky beasts
  4 phantoms
  6 centaurs
  6 ogres
  A big kobold (D:6)
  A gnoll sergeant (D:7)
  2 bullfrogs
  A wyvern skeleton (D:9)
  3 scorpions
  2 howler monkeys
  3 crimson imps
  A quasit (D:9)
  7 hounds
  4 jellies
  7 orc priests
  12 orc wizards
  2 bullfrog skeletons
  Jessica (D:2)
  Natasha (thrice) (D:4)
  2 iguanas
  5 worker ants
  3 hound zombies
  2 hound skeletons
  9 gnolls
  12 adders
  4 river rats (D:6)
  4 shadow imps
  7 oozes
  2 adder zombies
  3 worms
  2 leopard geckos
  45 orcs
  7 bats
  3 giant cockroaches
  12 goblins
  6 hobgoblins
  4 quokkas
  2 ball pythons
  4 frilled lizards
  A jackal skeleton (D:8)
  2 jackal zombies
  6 kobolds
  A leopard gecko zombie (D:3)
  A quokka skeleton (D:6)
  6 rats
  A plant (D:6)
260 creatures vanquished.

Vanquished Creatures (others)
  5 dream sheep (D:9)
  An orc warrior (D:8)
  A slave (D:8)
  A bullfrog (D:8)
  2 hounds (D:8)
  An adder (D:8)
  5 plants
  5 spectral weapons
21 creatures vanquished.

Grand Total: 281 creatures vanquished

Notes
Turn   | Place    | Note
-------+----------+-------------------------------------------
     0 | D:1      | Bronimir the Gnoll Skald began the quest for the Orb.
     0 | D:1      | Reached XP level 1. HP: 20/20 MP: 6/6
   119 | D:1      | You fall into a shaft and drop 1 floor!
   120 | D:2      | Noticed Jessica
   131 | D:2      | Killed Jessica
   131 | D:2      | Reached skill level 5 in Spellcasting
   131 | D:2      | Reached XP level 2. HP: 21/26 MP: 4/8
   131 | D:2      | Reached XP level 3. HP: 25/31 MP: 4/9
   256 | D:2      | Reached skill level 1 in Invocations
   362 | D:2      | Reached skill level 1 in Short Blades
   362 | D:2      | Reached skill level 1 in Long Blades
   362 | D:2      | Reached skill level 1 in Maces & Flails
   362 | D:2      | Reached skill level 1 in Polearms
   362 | D:2      | Reached skill level 1 in Staves
   362 | D:2      | Reached skill level 1 in Slings
   362 | D:2      | Reached skill level 1 in Bows
   362 | D:2      | Reached skill level 1 in Crossbows
   362 | D:2      | Reached skill level 1 in Throwing
   362 | D:2      | Reached skill level 1 in Stealth
   362 | D:2      | Reached skill level 1 in Shields
   362 | D:2      | Reached skill level 1 in Unarmed Combat
   362 | D:2      | Reached skill level 1 in Evocations
   462 | D:2      | Reached XP level 4. HP: 26/38 MP: 4/11
   574 | D:2      | Learned a level 2 spell: Song of Slaying
   577 | D:2      | Learned a level 2 spell: Shroud of Golubria
   581 | D:2      | Learned a level 3 spell: Regeneration
   585 | D:2      | Learned a level 3 spell: Spectral Weapon
  1132 | D:3      | Reached skill level 1 in Conjurations
  1132 | D:3      | Reached skill level 1 in Hexes
  1132 | D:3      | Reached skill level 1 in Summonings
  1132 | D:3      | Reached skill level 1 in Necromancy
  1132 | D:3      | Reached skill level 1 in Translocations
  1132 | D:3      | Reached skill level 1 in Transmutations
  1132 | D:3      | Reached skill level 1 in Fire Magic
  1132 | D:3      | Reached skill level 1 in Ice Magic
  1132 | D:3      | Reached skill level 1 in Air Magic
  1132 | D:3      | Reached skill level 1 in Earth Magic
  1132 | D:3      | Reached skill level 1 in Poison Magic
  1402 | D:3      | Reached XP level 5. HP: 17/43 MP: 7/12
  1871 | D:3      | Reached XP level 6. HP: 49/50 MP: 8/13
  2274 | D:3      | Reached skill level 5 in Fighting
  2274 | D:3      | Reached skill level 5 in Axes
  2274 | D:3      | Reached skill level 5 in Dodging
  2902 | D:4      | Reached XP level 7. HP: 35/56 MP: 6/15
  3148 | D:4      | Noticed Natasha
  3157 | D:4      | Killed Natasha
  3224 | D:4      | Noticed Natasha
  3233 | D:4      | Killed Natasha
  3244 | D:4      | Noticed Menkaure
  3251 | D:4      | Killed Menkaure
  3470 | D:4      | Learned a level 1 spell: Confusing Touch
  3472 | D:4      | Learned a level 1 spell: Animate Skeleton
  3554 | D:4      | Noticed Grinder
  3559 | D:4      | Killed Grinder
  3559 | D:4      | Reached XP level 8. HP: 54/63 MP: 7/16
  3654 | D:4      | Noticed Natasha
  3661 | D:4      | Killed Natasha
  3808 | D:4      | Found a bloodstained altar of Trog.
  4047 | D:5      | Entered Level 5 of the Dungeon
  4584 | D:5      | Found a stormy altar of Qazlal.
  4949 | D:6      | Reached XP level 9. HP: 66/69 MP: 7/18
  5407 | D:6      | Found an ornate altar of the Wu Jian Council.
  5641 | D:6      | Found a staircase to the Ecumenical Temple.
  6248 | D:7      | Reached skill level 5 in Armour
  6563 | D:8      | Noticed Erica
  6592 | D:8      | Killed Erica
  6592 | D:8      | Reached skill level 5 in Invocations
  6821 | D:8      | Reached XP level 10. HP: 71/77 MP: 20/20
  6915 | D:8      | Noticed Pikel
  6931 | D:8      | Killed Pikel
  6940 | D:8      | Reached skill level 5 in Short Blades
  6940 | D:8      | Reached skill level 5 in Long Blades
  6940 | D:8      | Reached skill level 5 in Maces & Flails
  6940 | D:8      | Reached skill level 5 in Polearms
  6940 | D:8      | Reached skill level 5 in Staves
  6940 | D:8      | Reached skill level 5 in Slings
  6940 | D:8      | Reached skill level 5 in Bows
  6940 | D:8      | Reached skill level 5 in Crossbows
  6940 | D:8      | Reached skill level 5 in Throwing
  6940 | D:8      | Reached skill level 5 in Stealth
  6940 | D:8      | Reached skill level 5 in Shields
  6940 | D:8      | Reached skill level 5 in Unarmed Combat
  6940 | D:8      | Reached skill level 5 in Evocations
  7080 | D:8      | Learned a level 2 spell: Searing Ray
  7084 | D:8      | Learned a level 3 spell: Dazzling Spray
  7089 | D:8      | Learned a level 4 spell: Iskenderun's Mystic Blast
  7312 | D:8      | Noticed a two-headed ogre
  7319 | D:8      | Killed a two-headed ogre
  7988 | D:9      | Found a shimmering altar of Xom.
  8209 | D:9      | Noticed a two-headed ogre
  8210 | D:9      | Found a glowing golden altar of the Shining One.
  8220 | D:9      | Killed a two-headed ogre
  8349 | D:9      | Reached XP level 11. HP: 56/84 MP: 10/22
  8472 | D:9      | Identified the cursed +0 robe of the Thistle {rF++}
  8594 | D:9      | Noticed Psyche
  8604 | D:9      | Killed Psyche
  8609 | D:9      | Reached skill level 5 in Conjurations
  8609 | D:9      | Reached skill level 5 in Hexes
  8609 | D:9      | Reached skill level 5 in Summonings
  8609 | D:9      | Reached skill level 5 in Necromancy
  8609 | D:9      | Reached skill level 5 in Translocations
  8609 | D:9      | Reached skill level 5 in Transmutations
  8609 | D:9      | Reached skill level 5 in Fire Magic
  8609 | D:9      | Reached skill level 5 in Ice Magic
  8609 | D:9      | Reached skill level 5 in Air Magic
  8609 | D:9      | Reached skill level 5 in Earth Magic
  8609 | D:9      | Reached skill level 5 in Poison Magic
  8811 | D:9      | Identified the +5 falchion of Sulphur {drain, rPois Str-3
                  | Int+3}
  8829 | D:9      | Found a white marble altar of Elyvilon.
  8975 | Temple   | Entered the Ecumenical Temple
  9052 | Temple   | Became a worshipper of Makhleb the Destroyer
  9577 | D:10     | Entered Level 10 of the Dungeon
  9673 | D:10     | Noticed Urug
  9678 | D:10     | Noticed a death yak
  9679 | D:10     | Noticed a death yak
  9679 | D:10     | Noticed a death yak
  9837 | D:10     | Found a staircase to the Lair.
  9856 | D:10     | Noticed a death yak
  9857 | D:10     | Noticed a death yak
  9859 | Lair:1   | Entered Level 1 of the Lair of Beasts
 10053 | Lair:1   | Reached * piety under Makhleb
 10467 | Lair:1   | Noticed Gastronok
 10483 | Lair:1   | Killed Gastronok
 10583 | Lair:1   | HP: 4/86 [swamp worm (18)]
 10584 | Lair:1   | Slain by a swamp worm

Levels and vault maps discovered:
D:1:      sevenhm_arrival_forest_fort_small_4, layout_basic
D:2:      layout_basic, uniq_jessica
D:3:      layout_basic, minmay_misc_feat_five
D:4:      layout_loops_ring, trog_hazing_becter, uniq_grinder, uniq_menkaure,
          uniq_natasha
D:5:      layout_rooms, first_ration, basic_altar, cheibrodos_gnoll_hut
D:6:      wad_woods_stonehenge, layout_basic, lemuel_temple_firewalk_b,
          minmay_misc_feat_rugged, serial_bayou_pond_d
D:7:      layout_cave_pools
D:8:      layout_rooms, hangedman_little_slice_of_home, uniq_pikel, uniq_erica
D:9:      layout_loops_ring, kb_xom_exploding_sheep, hangedman_feature_mirror,
          uniq_psyche
D:10:     layout_roguey, dpeg_lair_monsters, hiddenorc1_lemuel,
          lightli_orcish_oven, uniq_urug, uniq_sonja
Temple:   compressed_dpeg_circular_temple
Lair:1:   layout_long_grid, serial_forest, infiniplex_forest_end_1,
          infiniplex_forest_clump_double, infiniplex_forest_straight_4,
          infiniplex_forest_straight_4, infiniplex_forest_clump_medium,
          infiniplex_forest_straight_4, infiniplex_forest_corner_1,
          worms_lemuel, uniq_gastronok

Skill      XL: |  1  2  3  4  5  6  7  8  9 10 11 |
---------------+----------------------------------+-----
Spellcasting   | 5 6 7 8 |  8.4
Invocations    | 1 2 3 4 5 6 7 |  7.3
Short Blades   | 1 2 3 4 5 6 |  6.6
Long Blades    | 1 2 3 4 5 6 |  6.6
Maces & Flails | 1 2 3 4 5 6 |  6.6
Polearms       | 1 2 3 4 5 6 |  6.6
Staves         | 1 2 3 4 5 6 |  6.6
Slings         | 1 2 3 4 5 6 |  6.6
Bows           | 1 2 3 4 5 6 |  6.6
Crossbows      | 1 2 3 4 5 6 |  6.6
Throwing       | 1 2 3 4 5 6 |  6.6
Stealth        | 1 2 3 4 5 6 |  6.6
Shields        | 1 2 3 4 5 6 |  6.6
Unarmed Combat | 1 2 3 4 5 6 |  6.6
Evocations     | 1 2 3 4 5 6 |  6.6
Conjurations   | 1 2 3 4 5 |  5.5
Hexes          | 1 2 3 4 5 |  5.5
Summonings     | 1 2 3 4 5 |  5.5
Necromancy     | 1 2 3 4 5 |  5.5
Translocations | 1 2 3 4 5 |  5.5
Transmutations | 1 2 3 4 5 |  5.5
Fire Magic     | 1 2 3 4 5 |  5.5
Ice Magic      | 1 2 3 4 5 |  5.5
Air Magic      | 1 2 3 4 5 |  5.5
Earth Magic    | 1 2 3 4 5 |  5.5
Poison Magic   | 1 2 3 4 5 |  5.5
Armour         | 3 4 5 6 7 |  7.2
Fighting       | 5 6 7 8 |  8.1
Axes           | 5 6 7 8 |  8.1
Dodging        | 5 6 7 8 |  8.1
Charms         | 6 7 |  7.9

Action                   |  1- 3 |  4- 6 |  7- 9 | 10-12 || total
-------------------------+-------+-------+-------+-------++-------
Melee: Hand axe          |    79 |   141 |   244 |       ||   464
       Bite              |     7 |    18 |    29 |    40 ||    94
       Punch             |       |     1 |       |       ||     1
       Scimitar          |       |       |       |   127 ||   127
       Falchion          |       |       |       |   126 ||   126
 Cast: Infusion          |     2 |    11 |    13 |    16 ||    42
       Spectral Weapon   |       |     5 |     6 |    18 ||    29
       Regeneration      |       |     2 |     6 |    14 ||    22
       Shroud of Golubri |       |     2 |     7 |     9 ||    18
       Song of Slaying   |       |     1 |     1 |     5 ||     7
       Confusing Touch   |       |       |       |     2 ||     2
Evoke: Wand              |       |       |    10 |       ||    10
       Lamp of fire      |       |       |       |     1 ||     1
  Use: Scroll            |       |     5 |       |       ||     5
       Potion            |       |     2 |     1 |     1 ||     4
 Stab: Sleeping          |     2 |     1 |     4 |     4 ||    11
       Confused          |       |       |       |     3 ||     3
       Distracted        |       |       |       |     1 ||     1
  Eat: Chunk             |       |     7 |     9 |    14 ||    30
       Ration            |       |       |     1 |       ||     1
Armor: Leather armour    |    12 |    30 |    24 |       ||    66
       Skin              |       |     4 |       |       ||     4
       Ring mail         |       |       |    12 |    74 ||    86
       Scale mail        |       |       |       |    29 ||    29
Dodge: Dodged            |    67 |    85 |   164 |   235 ||   551
Block: Buckler           |       |       |    46 |    88 ||   134
       Rpst.: Scimitar   |       |       |       |    25 ||    25
       Falchion          |       |       |       |    35 ||    35
